 Dungeon Crawl Stone Soup version 0.31-a0-940-gdaa99269f9 (webtiles) character file.

Game seed: 13214736879080785617

38 Azuregosa the Shooter (level 3, 0/20 HPs)
             Began as a Kobold Hexslinger on Oct 20, 2023.
             Slain by a gnoll
             ... wielding a +0 spear
              (4 damage)
             ... on level 2 of the Dungeon.
             The game lasted 00:08:39 (1326 turns).

Azuregosa the Shooter (Kobold Hexslinger)           Turns: 1326, Time: 00:08:39

Health: 0/20       AC:  8    Str:  5    XL:     3   Next: 65%
Magic:  6/6        EV:  3    Int: 14    God:
Gold:   36         SH:  0    Dex: 19    Spells: 6/6 levels left

rFire   + . .        a - +1 sling
rCold   . . .        (no shield)
rNeg    . . .        f - +0 chain mail
rPois   .            (no helmet)
rElec   .            (no cloak)
rCorr   .            (no gloves)
SInv    .            (no boots)
Will    .....        (no amulet) Stlth
                     (no ring)
HPRegen 0.23/turn    k - ring of protection from fire
MPRegen 0.10/turn

%: no passive effects
@: no status effects
A: small, no large weapons, nightstalker 3
a: no special abilities


You were on level 2 of the Dungeon.
You visited 1 branch of the dungeon, and saw 2 of its levels.

You collected 36 gold pieces.

Inventory:

Hand Weapons
 a - a +1 sling (weapon)
Armour
 c - a +0 robe
 f - a +0 chain mail (worn)
Jewellery
 g - a ring of poison resistance
 k - a ring of protection from fire (right hand)
 l - the ring of Hykeir {Contam rPois rF- MP+9 Str+6}
   (You found it on level 2 of the Dungeon)

   [ring of magical power]

   Str+6:     It affects your strength (+6).
   rF-:       It makes you vulnerable to fire.
   rPois:     It protects you from poison MP+9: It affects your magic capacity
   (+9).
   Contam:    It causes magical contamination when unequipped.
Talismans
 i - a beast talisman
Scrolls
 b - a scroll of poison
 h - a scroll of noise {unknown}
Potions
 d - a potion of curing {unknown}
 e - a potion of degeneration {unknown}
 j - a potion of magic {unknown}


   Skills:
 - Level 1.1 Fighting
 + Level 3.7 Ranged Weapons
 - Level 2.4 Dodging
 + Level 2.0 Spellcasting
 + Level 3.4 Hexes
 - Level 1.1 Fire Magic


You had 6 spell levels left.
You didn't know any spells.
Your spell library contained the following spells:

 Spells                   Type           Power      Damage    Failure   Level
 Jinxbite                 Hex            22%        N/A       100%        2
 Inner Flame              Hex/Fire       7%         N/A       100%        3
 Sigil of Binding         Hex            11%        N/A       100%        3
 Cause Fear               Hex            5%         N/A       100%        4
 Dimensional Bullseye     Hex/Tloc       3%         N/A       100%        4
 Chain Lightning          Conj/Air       0%         2d1       100%        9
 Fire Storm               Conj/Fire      1%         8d1       100%        9
 Shatter                  Erth           0%         3d5*      100%        9


Dungeon Overview and Level Annotations

Branches:
Dungeon (2/15)

Altars:


Innate Abilities, Weirdness & Mutations

You are small and have problems with some larger weapons.
You are completely attuned to the shadows.


Message History

Press: ? - help, Q - select action Shift-Dir - straight line, f - gnoll
Aim: a gnoll, wielding a +0 spear (64% to hit)
You shoot a sling bullet. The sling bullet hits the gnoll.
The gnoll is lightly wounded.
The gnoll hits you but does no damage.
Fire: a) +1 sling
Press: ? - help, Q - select action Shift-Dir - straight line, f/p - gnoll
Aim: a gnoll, wielding a +0 spear (lightly wounded, 64% to hit)
You shoot a sling bullet.
The sling bullet barely misses the gnoll.
The gnoll hits you from afar with a +0 spear.
The gnoll hits you but does no damage.
Fire: a) +1 sling
Press: ? - help, Q - select action Shift-Dir - straight line, f/p - gnoll
Aim: a gnoll, wielding a +0 spear (lightly wounded, 64% to hit)
You shoot a sling bullet.
The sling bullet hits the gnoll but does no damage.
The gnoll is lightly wounded.
The gnoll hits you from afar with a +0 spear.
The gnoll hits you but does no damage. x2
The gnoll hits you but does no damage.
You shoot a sling bullet.
The sling bullet hits the gnoll but does no damage.
The gnoll hits you but does no damage. The gnoll hits you with a +0 spear!
You shoot a sling bullet. The sling bullet hits the gnoll.
The gnoll is moderately wounded.
The gnoll hits you but does no damage. The gnoll hits you with a +0 spear.
* * * LOW HITPOINT WARNING * * *
You shoot a sling bullet.
The sling bullet closely misses the gnoll.
The gnoll barely misses you. x2
You shoot a sling bullet.
The sling bullet barely misses the gnoll.
The gnoll hits you with a +0 spear.
* * * LOW HITPOINT WARNING * * *
The gnoll hits you but does no damage.
You shoot a sling bullet. The sling bullet hits the gnoll.
The gnoll is severely wounded.
The gnoll hits you with a +0 spear.
You die...

#..........
##.#####.## #.# #.#
#.# #.# #.# #.# #.#
#.## ##+##### #.#
#... #......###.#
#...
#g@......#.#####...
........##...........
........###..(#######
....#...# ##...#
....##### #....#
#..#.#


You could see a gnoll.

Vanquished Creatures
  5 endoplasms (D:1)
  3 giant cockroaches (D:1)
  3 goblins (D:1)
  7 hobgoblins (D:1)
  3 jackals (D:1)
  3 quokkas (D:1)
  A ball python (D:1)
  2 kobolds (D:1)
  4 rats (D:1)
31 creatures vanquished.

Notes
Turn   | Place    | Note
-------+----------+-------------------------------------------
     0 | D:1      | Azuregosa the Kobold Hexslinger began the quest for the
                  | Orb.
     0 | D:1      | Reached XP level 1. HP: 12/12 MP: 2/2
   165 | D:1      | Reached XP level 2. HP: 12/16 MP: 3/3
   476 | D:1      | Reached XP level 3. HP: 18/20 MP: 5/5
  1280 | D:2      | Identified the ring of Hykeir {Contam rPois rF- MP+9 Str+6}
  1326 | D:2      | Slain by a gnoll

Illustrated notes

Levels and vault maps discovered:
D:1:      saegor_arrival_under_anarchy, layout_basic, reono_crystal_passage
D:2:      layout_basic, chequers_ecumenical_altar_simple_redux, basic_altar,
          minivault_26, corexii_shack

Skill      XL: |  1  2  3 |
---------------+----------+-----
Ranged Weapons | 3 |  3.7
Spellcasting   | 2 |  2.0
Fighting       | |  1.1
Dodging        | |  2.4
Hexes          | |  3.4
Fire Magic     | |  1.1

Action                     || total
---------------------------++-------
   Fire: Sling             ||    98
 Armour: Robe              ||     4
         Chain mail        ||    81
  Dodge: Dodged            ||    30

Table legend: (Time is in decaauts)
 A = Elapsed time spent in this place.
 B = Non-inter-level travel time spent in this place.
 C = Inter-level travel time spent in this place.
 D = Time resting spent in this place.
 E = Time spent auto-exploring this place.
 F = Levels seen in this place.
 G = Mean time per level.
                   A        B        C        D        E       F      G
               +--------+--------+--------+--------+--------+-----+--------+
         Total |   1414 |   1386 |     28 |    116 |    977 |   2 |  707.0 |
       Dungeon |   1414 |   1386 |     28 |    116 |    977 |   2 |  707.0 |
               +--------+--------+--------+--------+--------+-----+--------+

Top non-repeatable levels by time:
     D:1: 1325 daAuts
     D:2: 88 daAuts
